 Dungeon Crawl Stone Soup version 0.31-a0-1165-g196b491b36 (webtiles) character file.

Game seed: 17854840112148073267

1408 bmb222 the Covered (level 8, -5/93 HPs)
             Began as a Demonspawn Fighter on Dec 9, 2023.
             Slain by a killer bee (7 damage)
             ... on level 5 of the Dungeon.
             The game lasted 00:03:54 (4834 turns).

bmb222 the Covered (Demonspawn Fighter)             Turns: 4834, Time: 00:03:55

Health: -5/93      AC: 24    Str: 21    XL:     8   Next: 42%
Magic:  8/8        EV:  2    Int:  9    God:
Gold:   214        SH:  5    Dex: 19    Spells: 7/7 levels left

rFire   x . .        a - +0 flail
rCold   . . .        c - +0 buckler
rNeg    . . .        b - melded +0 scale mail
rPois   +            (helmet currently unavailable)
rElec   +            A - melded +0 cloak
rCorr   .            o - melded +2 pair of gloves
SInv    .            (boots currently unavailable)
Will    +....        (no amulet)
Stlth   ++           h - ring of willpower
HPRegen 0.35/turn    C - ring "Qylad" {rElec rF- Str+3 Dex+6}
MPRegen 0.11/turn

%: no passive effects
@: lethally poisoned (-5 -> -6), tree-form
A: stationary, stasis, torment immunity, boosted hp, (hooves 2), (yellow scales
1), (spiny 1), demonic magic 1
a: no special abilities


You were on level 5 of the Dungeon.
You were a tree.
You visited 1 branch of the dungeon, and saw 5 of its levels.

You collected 214 gold pieces.

Inventory:

Hand Weapons
 a - a +0 flail (weapon)
Missiles
 x - 2 curare-tipped darts
 y - 2 boomerangs
Armour
 b - a +0 scale mail (melded)
 c - a +0 buckler (worn)
 o - a +2 pair of gloves (melded)
 z - a scarf of invisibility
 A - a +0 cloak (melded)
Jewellery
 h - a ring of willpower (left branch)
 v - a ring of magical power
 C - the ring "Qylad" (right branch) {rElec rF- Str+3 Dex+6}
   (You found it on level 5 of the Dungeon)

   [ring of dexterity]

   Str+3:     It affects your strength (+3).
   Dex+6:     It affects your dexterity (+6).
   rF-:       It makes you vulnerable to fire.
   rElec:     It insulates you from electricity.
 D - a ring of protection from cold
Wands
 r - a wand of flame (17)
Scrolls
 e - 3 scrolls of noise {unknown}
 f - 3 scrolls of revelation {unknown}
 g - a scroll of enchant weapon {unknown}
 k - a scroll of teleportation
 l - 8 scrolls of identify {unknown}
 n - 2 scrolls of enchant armour {unknown}
 p - a scroll of amnesia {unknown}
 s - a scroll of fear {unknown}
 t - a scroll of torment {unknown}
 u - a scroll of vulnerability {unknown}
Potions
 d - a potion of might
 i - 2 potions of enlightenment {unknown}
 j - 2 potions of lignification
 m - a potion of magic {unknown}
 q - 3 potions of curing {unknown}
 w - 2 potions of degeneration {unknown}
 B - a potion of mutation {unknown}


   Skills:
 + Level 5.1 Fighting
 + Level 5.8 Maces & Flails
 + Level 5.9 Armour
 + Level 2.5 Dodging
 + Level 0.9 Stealth
 + Level 3.8 Shields


You had 7 spell levels left.
You didn't know any spells.
Your spell library contained the following spells:

 Spells                   Type           Power      Damage    Failure   Level
 Ensorcelled Hibernation  Hex/Ice        0%         N/A       58%         2
 Passwall                 Tmut/Erth      0%         N/A       58%         2
 Swiftness                Air            0%         N/A       83%         3


Dungeon Overview and Level Annotations

Branches:
Dungeon (5/15)
 Temple: D:4-7

Altars:

Shops:
D:4 [


Innate Abilities, Weirdness & Mutations

You are a tree.
Your roots penetrate the ground, keeping you stationary.
You cannot be teleported.
You are immune to unholy pain and torment.
Your maximum health is greatly increased.
Your equipment is partially melded.
((You have hoof-like feet.))
((You are partially covered in yellow scales. (AC +2)))
((You are partially covered in sharp spines.))
Spells you cast may paralyse adjacent enemies.


Message History

You closely miss the killer bee. Your kick misses the killer bee.
The killer bee is lightly wounded.
You feel very sick.
The killer bee is struck by your spines.
The killer bee stings you.
* * * LOW HITPOINT WARNING * * *
You block the killer bee's attack.
The killer bee stings you but does no damage.
It was a potion of lignification.
You turn into a tree.
Your +0 cloak melds into your body.
Your +2 pair of gloves melds into your body.
Your +0 scale mail melds into your body.
Your roots penetrate the ground.
You feel sick. You block the killer bee's attack.
The killer bee stings you but does no damage.
You closely miss the killer bee.
The killer bee is heavily wounded.
You feel sick.
The killer bee stings you but does no damage. x2
Unknown command.
You thump the killer bee!
You kill the killer bee!
You feel sick.
The killer bee stings you but does no damage.
You block the killer bee's attack.
Unknown command.
You closely miss the killer bee.
You feel sick.
The killer bee stings you but does no damage.
You block the killer bee's attack.
You thump the killer bee!
The killer bee is almost dead.
You feel sick.
The killer bee stings you but does no damage.
The killer bee stings you.
* * * LOW HITPOINT WARNING * * *
You barely miss the killer bee.
The killer bee is severely wounded.
* * * LOW HITPOINT WARNING * * *
You feel sick. The killer bee stings you!
You die...

###..#############
########...).............
.........#.†#############
##########..######## #..
#...........##.#
#.#########..... #.#
#...######.# #.####.#
#..........# #..y♣..#
#...######## #..#####
##.## #. #.# # #.# ...#
##.## # #..#######...####
#. #..##...........#
.###..##.####...##.#
.....##.# #.(.## #


You could see a killer bee.

Vanquished Creatures
  Eustachio (D:5)
  A black bear (D:4)
  2 ogres
  A phantom (D:5)
  Blork the orc (D:5)
  A scorpion (D:5)
  5 killer bees (D:5)
  A vampire bat (D:3)
  A gnoll bouda (D:5)
  4 orc priests
  3 orc wizards
  6 adders
  10 gnolls
  A dart slug (D:4)
  3 fire bats (D:3)
  16 orcs
  2 spectral bats (D:3)
  12 ball pythons
  11 bats
  3 bat skeletons (D:3)
  A bat zombie (D:3)
  10 endoplasms
  2 giant cockroaches
  2 goblins
  5 hobgoblins
  5 jackals
  7 quokkas
  A bat simulacrum (D:3)
  A frilled lizard (D:2)
  7 kobolds
  2 rats
128 creatures vanquished.

Notes
Turn   | Place    | Note
-------+----------+-------------------------------------------
     0 | D:1      | bmb222 the Demonspawn Fighter began the quest for the Orb.
     0 | D:1      | Reached XP level 1. HP: 18/18 MP: 1/1
   179 | D:1      | Gained mutation: You are partially covered in yellow
                  | scales. (AC +2) [demonic ancestry]
   179 | D:1      | Reached XP level 2. HP: 20/24 MP: 2/2
   951 | D:2      | Gained mutation: You have large cloven feet. [demonic
                  | ancestry]
   951 | D:2      | Reached XP level 3. HP: 29/29 MP: 3/3
  1158 | D:2      | Reached XP level 4. HP: 30/35 MP: 4/4
  1166 | D:2      | Reached skill level 1 in Dodging
  1721 | D:3      | Noticed an ogre
  1727 | D:3      | Killed an ogre
  1728 | D:3      | Gained mutation: You are partially covered in sharp spines.
                  | [demonic ancestry]
  1728 | D:3      | Reached XP level 5. HP: 17/41 MP: 5/5
  2385 | D:3      | Gained mutation: You have hoof-like feet. [demonic
                  | ancestry]
  2385 | D:3      | Reached XP level 6. HP: 48/48 MP: 6/6
  3108 | D:4      | Reached XP level 7. HP: 53/53 MP: 7/7
  3748 | D:4      | Found Editeun's Antique Armour Shop.
  4150 | D:5      | Entered Level 5 of the Dungeon
  4293 | D:5      | Reached skill level 5 in Maces & Flails
  4297 | D:5      | Noticed Blork the orc
  4425 | D:5      | Killed Blork the orc
  4426 | D:5      | Noticed Eustachio
  4435 | D:5      | Killed Eustachio
  4436 | D:5      | Reached skill level 5 in Armour
  4529 | D:5      | Gained mutation: Spells you cast may paralyse adjacent
                  | enemies. [demonic ancestry]
  4529 | D:5      | Reached XP level 8. HP: 61/61 MP: 8/8
  4694 | D:5      | Identified the ring "Qylad" {rElec rF- Str+3 Dex+6}
  4822 | D:5      | Reached skill level 5 in Fighting
  4833 | D:5      | HP: 2/93 [killer bee (3)]
  4834 | D:5      | Slain by a killer bee

Illustrated notes

Levels and vault maps discovered:
D:1:      scummos_arrival_forest, layout_loops_ring
D:2:      layout_loops_ring
D:3:      layout_loops_ring, goddamned_bats
D:4:      layout_basic, serial_shops, shop, minivault_5
D:5:      layout_loops_ring, minmay_temple_entry_trees, uniq_blork_the_orc,
          uniq_eustachio

Skill      XL: |  1  2  3  4  5  6  7  8 |
---------------+-------------------------+-----
Armour         | 3 4 5 |  5.9
Maces & Flails | 2 3 4 5 |  5.8
Shields        | 3 |  3.8
Dodging        | 1 2 |  2.5
Fighting       | 4 5 |  5.1
Stealth        | |  0.9

Action                     |  1- 3 |  4- 6 |  7- 9 || total
---------------------------+-------+-------+-------++-------
  Melee: Flail             |   151 |   126 |   107 ||   384
         Kick              |     6 |    27 |    31 ||    64
    Use: Potion            |       |       |     3 ||     3
         Scroll            |       |       |     1 ||     1
 Armour: Scale mail        |   118 |   105 |    62 ||   285
         Skin              |       |       |     8 ||     8
  Dodge: Dodged            |    71 |    72 |    42 ||   185
  Block: Buckler           |    46 |    42 |    32 ||   120

Table legend: (Time is in decaauts)
 A = Elapsed time spent in this place.
 B = Non-inter-level travel time spent in this place.
 C = Inter-level travel time spent in this place.
 D = Time resting spent in this place.
 E = Time spent auto-exploring this place.
 F = Levels seen in this place.
 G = Mean time per level.
                   A        B        C        D        E       F      G
               +--------+--------+--------+--------+--------+-----+--------+
         Total |   4937 |   4726 |    211 |    369 |   3501 |   5 |  987.4 |
       Dungeon |   4937 |   4726 |    211 |    369 |   3501 |   5 |  987.4 |
               +--------+--------+--------+--------+--------+-----+--------+

Top non-repeatable levels by time:
     D:4: 1524 daAuts
     D:3: 1065 daAuts
     D:2: 836 daAuts
     D:1: 815 daAuts
     D:5: 696 daAuts
